 Dungeon Crawl Stone Soup version 0.30-a0-359-gd0147acb1a (webtiles) character file.

Game seed: 1273582708190374715

461 bande the Chopper (level 7, -4/44 HPs)
             Began as a Gargoyle Fighter on Nov 13, 2022.
             Slain by a wyvern (11 damage)
             ... on level 5 of the Dungeon.
             The game lasted 00:06:58 (4551 turns).

bande the Chopper (Gargoyle Fighter)                Turns: 4551, Time: 00:06:58

Health: -4/44      AC: 14    Str: 20    XL:     7   Next: 7%
Magic:  7/7        EV:  7    Int:  8    God:
Gold:   315        SH:  7    Dex: 13    Spells: 6/6 levels left

rFire   . . .      SeeInvis +    a - +0 war axe
rCold   + + .      Faith    .    y - +2 buckler "Rekliag" {rC+ Will+ Dex+2 SInv}
rNeg    + . .      Spirit   .    p - +0 chain mail
rPois   ∞          Reflect  .    (no helmet)
rElec   +          Harm     .    (no cloak)
rCorr   .          Rampage  .    (no gloves)
Will    +....                    (no boots)
Stlth   ..........               (no amulet)
HPRegen 0.27/turn                u - ring of protection from cold
MPRegen 0.10/turn                (no ring)

@: no status effects
A: sickness immunity, AC +4, negative energy resistance 1, electricity
resistance, torment resistance 1, petrification resistance
a: no special abilities


You were on level 5 of the Dungeon.
You visited 2 branches of the dungeon, and saw 6 of its levels.

You collected 328 gold pieces.
You spent 13 gold pieces at shops.

Inventory:

Hand Weapons
 a - a +0 war axe (weapon)
 q - a +0 war axe
Missiles
 m - a throwing net (quivered)
Armour
 p - a +0 chain mail (worn)
 y - the +2 buckler "Rekliag" (worn) {rC+ Will+ Dex+2 SInv}
   (You found it on level 4 of the Dungeon)

   Dex:       It affects your dexterity (+2).
   rC:        It protects you from cold.
   SInv:      It lets you see invisible.
   Will:      It increases your willpower.
Jewellery
 b - a ring of fire
 e - an amulet of the acrobat
 u - a ring of protection from cold (left hand)
Wands
 t - a wand of charming (8)
Scrolls
 f - 4 scrolls of teleportation {unknown}
 g - 2 scrolls of enchant weapon {unknown}
 i - 3 scrolls of identify {unknown}
 l - a scroll of magic mapping {unknown}
 n - 2 scrolls of noise {unknown}
 r - 2 scrolls of immolation {unknown}
 v - a scroll of fear {unknown}
Potions
 c - 2 potions of flight {unknown}
 d - 2 potions of might
 h - a potion of haste {unknown}
 j - a potion of attraction {unknown}
 k - 3 potions of curing {unknown}
 o - a potion of resistance {unknown}
 s - 2 potions of lignification {unknown}
 w - 2 potions of heal wounds {unknown}
 x - a potion of berserk rage {unknown}
 z - 2 potions of mutation {unknown}


   Skills:
 + Level 4.4 Fighting
 + Level 4.7 Axes
 + Level 4.6 Armour
 - Level 0.2 Stealth
 + Level 4.0 Shields
 * Level 1.7 Evocations


You had 6 spell levels left.
You didn't know any spells.
Your spell library contained the following spells:

 Spells                   Type           Power      Damage    Failure   Level
 Static Discharge         Conj/Air       0%         2-2/arc   100%        2
 Dazzling Flash           Conj/Hex       0%         N/A       100%        3
 Hailstorm                Conj/Ice       0%         3d3       100%        3
 Vhi's Electric Charge    Tloc/Air       0%         N/A       100%        3
 Ice Form                 Ice/Tmut       0%         N/A       100%        4
 Iskenderun's Mystic Bla  Conj/Tloc      0%         2d3       100%        4
 Arcjolt                  Conj/Air       0%         1d10      100%        5
 Lightning Bolt           Conj/Air       0%         1d11      100%        5
 Simulacrum               Ice/Necr       0%         N/A       100%        6
 Starburst                Conj/Fire      0%         6d3       100%        6


Dungeon Overview and Level Annotations

Branches:
Dungeon (5/15)             Temple (1/1) D:5

Altars:
Dithmenos
Elyvilon
Fedhas
Gozag
Kikubaaqudgha
Makhleb
Nemelex Xobeh
Trog
Uskayaw
Vehumet
Wu Jian
Xom
Yredelemnul
Zin
The Shining One

Shops:
D:4 !*::=


Innate Abilities, Weirdness & Mutations

You are immune to sickness and miasma.
Your stone body is resilient. (AC +4)
You are immune to poison.
You resist negative energy. (rN+)
You are resistant to electric shocks. (rElec)
You are resistant to unholy torment.
You are immune to petrification.


Message History

No target in view!
No target in view!
No target in view!
No target in view!
No target in view!
HP restored.
z - 2 coppery potions You see here a dart slug corpse.
Found 5 stones.
You now have 315 gold pieces (gained 13).
An iguana comes into view.
The iguana hisses angrily.
An iguana is nearby!
A wyvern comes into view.
The iguana barely misses you.
You hit the iguana but do no damage. You block the iguana's attack. x2
You hit the iguana but do no damage. The iguana bites you!
You closely miss the wyvern. You completely miss the iguana.
The wyvern barely misses you. You block the iguana's attack.
The wyvern bites you.
You closely miss the wyvern. You hit the iguana. The wyvern bites you!
You block the iguana's attack. The wyvern bites you. The iguana bites you.
You are too injured to fight recklessly!
You are too injured to fight recklessly!
You are too injured to fight recklessly!
You are too injured to fight recklessly!
You are too injured to fight recklessly!
You are too injured to fight recklessly!
You are too injured to fight recklessly!
You are too injured to fight recklessly!
Unknown command.
You hit the iguana but do no damage.
The iguana is moderately wounded.
You barely miss the wyvern. The wyvern bites you!
* * * LOW HITPOINT WARNING * * *
You block the iguana's attack. You block the wyvern's attack.
You barely miss the iguana.
The iguana is moderately wounded.
You slash the wyvern! The wyvern bites you!
You die...

............#####.>.####
#....#.......#...(.#
#..(.#......#...#...#.
#..........†...###....
#..........#..#.# #...
+..........##...# ....
#..........###..#.....
#.....########....# ##
#....@...........##
#....ll............
#....................
#.....................
#................#####
#................#
#.................
#............


You could see a wyvern and an iguana.

Vanquished Creatures
  A black bear (D:5)
  An ogre (D:3)
  A hound (D:4)
  An iguana (D:5)
  4 gnolls (D:3)
  10 adders
  2 worms
  3 dart slugs
  2 orcs (D:4)
  6 ball pythons
  6 endoplasms
  2 giant cockroaches
  8 goblins
  11 hobgoblins
  6 jackals
  8 kobolds
  3 quokkas
  8 bats
  A frilled lizard (D:1)
  8 rats
92 creatures vanquished.

Vanquished Creatures (others)
  12 plants (D:1)
12 creatures vanquished.

Grand Total: 104 creatures vanquished

Notes
Turn   | Place    | Note
-------+----------+-------------------------------------------
     0 | D:1      | bande the Gargoyle Fighter began the quest for the Orb.
     0 | D:1      | Reached XP level 1. HP: 14/14 MP: 1/1
   262 | D:1      | Reached XP level 2. HP: 19/19 MP: 2/2
   478 | D:1      | Reached XP level 3. HP: 19/23 MP: 3/3
  1366 | D:2      | Found a hide-covered altar of Uskayaw.
  1469 | D:2      | Reached XP level 4. HP: 28/28 MP: 4/4
  1987 | D:2      | Found a faded altar of an unknown god.
  2132 | D:3      | Reached XP level 5. HP: 25/33 MP: 5/5
  2536 | D:3      | Found a glowing silver altar of Zin.
  2974 | D:4      | Noticed an ogre
  2979 | D:3      | Killed an ogre
  2980 | D:3      | Reached skill level 1 in Evocations
  2980 | D:3      | Reached XP level 6. HP: 17/38 MP: 6/6
  3326 | D:4      | Found an ornate altar of the Wu Jian Council.
  3533 | D:4      | Identified the +2 buckler "Rekliag" {rC+ Will+ Dex+2 SInv}
  3623 | D:4      | Found Zyvoob's Distillery.
  3679 | D:4      | Found Qelluom's Book Shoppe.
  3714 | D:4      | Found Vaguib's Jewellery Boutique.
  3719 | D:4      | Found Qusu Qeph's Book Shop.
  3782 | D:4      | Found Iruoruyck's General Store.
  3987 | D:4      | Found a glowing golden altar of the Shining One.
  4021 | D:4      | Bought a potion of degeneration for 13 gold pieces
  4382 | D:5      | Entered Level 5 of the Dungeon
  4438 | D:5      | Noticed a black bear
  4439 | D:5      | Found a staircase to the Ecumenical Temple.
  4446 | D:5      | Killed a black bear
  4447 | D:5      | Reached XP level 7. HP: 32/44 MP: 7/7
  4453 | Temple   | Entered the Ecumenical Temple
  4545 | D:5      | Noticed a wyvern
  4551 | D:5      | Slain by a wyvern

Illustrated notes

Levels and vault maps discovered:
D:1:      dpeg_arrival_solitude, layout_basic, serial_bayou,
          serial_bayou_pond_c, serial_bayou_pond_d, serial_bayou_pond_a,
          serial_bayou_crossing
D:2:      kennysheep_six_static_rooms, layout_rooms, basic_altar,
          nicolae_ecumenical_lake_church, roderic_lattice_a
D:3:      layout_loops_ring, mainiacjoe_overflow_small_starburst,
          minmay_joined_circles
D:4:      layout_loops_ring, nicolae_wu_jian_immortal_techniques,
          nicolae_tso_swordbearing_angel, serial_shops,
          nicolae_shop_hallway_plus, nicolae_shop_hallway_stairs,
          nicolae_shop_waterfront, shop_statue, grunt_ministairs_15,
          nicolae_inconvenience_store, minmay_increasing_density
D:5:      layout_basic, lemuel_blue_sif_altar, minmay_temple_entry_arrows,
          glass_columns_a
Temple:   nicolae_temple_ecumenical_triangle

Skill      XL: |  1  2  3  4  5  6 |
---------------+-------------------+-----
Axes           | 2 3 4 |  4.7
Armour         | 4 |  4.6
Fighting       | 4 |  4.4
Evocations     | 1 |  1.7
Shields        | 4 |  4.0
Stealth        | |  0.2

Action                   |  1- 3 |  4- 6 |  7- 9 || total
-------------------------+-------+-------+-------++-------
Melee: War axe           |    96 |   165 |     7 ||   268
Armor: Scale mail        |    54 |    24 |       ||    78
       Chain mail        |       |   101 |       ||   101
Dodge: Dodged            |    46 |    83 |     3 ||   132
Block: Buckler           |    23 |    44 |     6 ||    73

Table legend: (Time is in decaauts)
 A = Elapsed time spent in this place.
 B = Non-inter-level travel time spent in this place.
 C = Inter-level travel time spent in this place.
 D = Time resting spent in this place.
 E = Time spent auto-exploring this place.
 F = Levels seen in this place.
 G = Mean time per level.
                   A        B        C        D        E       F      G
               +--------+--------+--------+--------+--------+-----+--------+
         Total |   4672 |   4547 |    125 |    375 |   3316 |   6 |  778.7 |
       Dungeon |   4623 |   4498 |    125 |    375 |   3316 |   5 |  924.6 |
        Temple |     49 |     49 |      0 |      0 |      0 |   1 |   49.0 |
               +--------+--------+--------+--------+--------+-----+--------+

Top non-repeatable levels by time:
     D:3: 1189 daAuts
     D:4: 1137 daAuts
     D:1: 1134 daAuts
     D:2: 1037 daAuts
     D:5: 124 daAuts
  Temple: 49 daAuts
